 Dungeon Crawl Stone Soup version 0.20.1-1-g8b1a95d (webtiles) character file.

156 JarielCorvus the Magician (level 5, 0/28 HPs)
             Began as a Deep Elf Wizard on July 2, 2017.
             Slain by a gnoll (5 damage)
             ... on level 3 of the Dungeon.
             The game lasted 00:05:49 (1901 turns).

JarielCorvus the Magician (Deep Elf Wizard)         Turns: 1901, Time: 00:05:49

Health: 0/28       AC:  6    Str:  3 (6)  XL:     5   Next: 14%
Magic:  12/25      EV: 12    Int: 21 (24) God:
Gold:   138        SH:  0    Dex: 11 (13) Spells: 6/17 levels left

rFire    . . .     SeeInvis .   p - +0 club (chaos)
rCold    . . .     Gourm    .   (no shield)
rNeg     . . .     Faith    .   a - +0 robe
rPois    .         Spirit   .   b - +0 hat
rElec    .         Reflect  .   (no cloak)
rCorr    .         Harm     .   (no gloves)
MR       .....                  (no boots)
Stlth    ++........             (no amulet)
Regen    0.1/turn               k - +2 ring of protection
MPRegen  0.2/turn               l - ring of magical power

@: no status effects
A: horns 1, iridescent scales 1, strong 1
a: no special abilities


You were on level 3 of the Dungeon.
You were hungry.

You visited 1 branch of the dungeon, and saw 3 of its levels.

You collected 138 gold pieces.

Inventory:

Hand Weapons
 n - a +0 short sword
 p - a +0 club of chaos (weapon)
Armour
 a - a +0 robe (worn)
 b - a +0 hat (worn)
Jewellery
 k - a +2 ring of protection (left hand)
 l - a ring of magical power (right hand)
 m - a +3 ring of dexterity
 q - an uncursed ring of teleportation
Scrolls
 r - 2 scrolls of teleportation
Potions
 e - a potion of haste
 g - 2 potions of curing
Books
 c - a book of Minor Magic

   Spells                             Type                      Level
   a - Magic Dart                     Conjuration                  1
   b - Blink                          Translocation                2
   c - Call Imp                       Summoning                    2
   d - Slow                           Hexes                        2
   e - Conjure Flame                  Conjuration/Fire             3
   f - Mephitic Cloud                 Conjuration/Poison/Air       3
Comestibles
 d - 3 bread rations
 i - 3 meat rations
 j - a royal jelly


   Skills:
 - Level 2.4 Dodging
 - Level 2.4 Stealth
 * Level 6.9 Spellcasting
 + Level 3.4 Conjurations
 - Level 1.1 Summonings
 - Level 1.1 Translocations


You had 6 spell levels left.
You knew the following spells:

 Your Spells              Type           Power        Failure   Level  Hunger
a - Magic Dart            Conj           ###.         2%          1    None
b - Blink                 Tloc           N/A          9%          2    None
c - Call Imp              Summ           ##......     9%          2    None
d - Conjure Flame         Conj/Fire      ##......     13%         3    #......
e - Mephitic Cloud        Conj/Pois/Air  ##......     17%         3    #......


Dungeon Overview and Level Annotations

Branches:
Dungeon (3/15)

Altars:
Gozag
Xom


Innate Abilities, Weirdness & Mutations

You have a pair of small horns on your head.
You are partially covered in iridescent scales. (AC +2)
Your muscles are strong. (Str +2)


Message History

Confirm with . or Enter, or press ? or * to list all spells.
Aiming: Magic Dart
Press: ? - help, Shift-Dir - straight line, f/p - gnoll
Aim: a gnoll (moderately wounded)
The magic dart hits the gnoll.
The gnoll is heavily wounded.
The gnoll closely misses you.
An orc comes into view. It is wielding a hand axe of venom.
Casting: Magic Dart
Confirm with . or Enter, or press ? or * to list all spells.
Aiming: Magic Dart
Press: ? - help, Shift-Dir - straight line, f/p - gnoll
Aim: a gnoll (heavily wounded)
The magic dart hits the gnoll.
The gnoll is almost dead.
The orc shouts!
The gnoll hits you with a flail.
* * * LOW HITPOINT WARNING * * *
The gnoll hits you.
You die...

....#########..##
#.#.# #...###+#
#.#.#########.......#
#.#.................#
#...##########......#
###.##########......#
..............##'##.#
###....!......##.# .#
.##.†.........##@#
.##...........##gg).#
.##...........##....#
###...........##....(.
#
######...######.####o.
# #...# .. o # #...#
#. # #####...#### .. #
#..........#


You could see 2 gnolls and 2 orcs.

Vanquished Creatures
  Jessica (D:2)
  4 gnolls
  3 adders
  A worm (D:2)
  3 leopard geckos
  2 orcs (D:2)
  A giant cockroach (D:1)
  7 goblins (D:2)
  8 hobgoblins
  A jackal (D:2)
  A quokka (D:2)
  A ball python (D:2)
  9 bats
  3 frilled lizards (D:2)
  7 kobolds
  5 rats
57 creatures vanquished.

Notes
Turn   | Place    | Note
-------+----------+-------------------------------------------
     0 | D:1      | JarielCorvus the Deep Elf Wizard began the quest for the Orb.
     0 | D:1      | Reached XP level 1. HP: 10/10 MP: 7/7
   235 | D:1      | Reached XP level 2. HP: 15/15 MP: 0/9
   346 | D:1      | Learned a level 2 spell: Blink
   349 | D:1      | Learned a level 2 spell: Call Imp
   752 | D:2      | Reached skill level 5 in Spellcasting
   953 | D:2      | Reached XP level 3. HP: 19/19 MP: 11/11
   958 | D:2      | Learned a level 3 spell: Conjure Flame
   962 | D:2      | Learned a level 3 spell: Mephitic Cloud
  1074 | D:2      | Found an opulent altar of Gozag.
  1144 | D:2      | Reached skill level 6 in Spellcasting
  1144 | D:2      | Reached XP level 4. HP: 24/24 MP: 8/14
  1244 | D:2      | Found a shimmering altar of Xom.
  1353 | D:2      | Noticed Jessica
  1360 | D:2      | Killed Jessica
  1648 | D:2      | Gained mutation: You have a pair of small horns on your head. [potion of mutation]
  1648 | D:2      | Gained mutation: You are partially covered in iridescent scales. (AC +2) [potion of mutation]
  1648 | D:2      | Gained mutation: Your muscles are strong. (Str +2) [potion of mutation]
  1893 | D:3      | Reached XP level 5. HP: 28/28 MP: 16/16
  1901 | D:3      | Slain by a gnoll

Skill      XL: |  1  2  3  4 |
---------------+-------------+-----
Conjurations   | 2 3 |  3.4
Spellcasting   | 5 6 |  6.9
Dodging        | |  2.4
Stealth        | |  2.4
Summonings     | |  1.1
Translocations | |  1.1

Action                   |  1- 3 |  4- 6 || total
-------------------------+-------+-------++-------
 Cast: Magic Dart        |    96 |    52 ||   148
  Use: Scroll            |     5 |     2 ||     7
       Potion            |     3 |     3 ||     6
  Eat: Chunk             |       |     2 ||     2
Armor: Robe              |     3 |     3 ||     6
Dodge: Dodged            |    10 |    12 ||    22
